 Dungeon Crawl Stone Soup version 0.30-a0-1112-gfb780f5df6 (webtiles) character file.

Game seed: 7852631754585691770

4117 Dirtsage the Cleaver (level 10, -4/68 (70) HPs)
             Began as a Demonspawn Berserker on Apr 17, 2023.
             Was an Elder of Trog.
             Slain by a wight
             ... wielding a +3 long sword
              (8 damage)
             ... on level 8 of the Dungeon on Apr 19, 2023.
             The game lasted 00:22:11 (7994 turns).

Dirtsage the Cleaver (Demonspawn Berserker)         Turns: 7994, Time: 00:22:11

HP:   -4/68 (70)    AC:  4    Str: 22    XL:     10   Next: 6%
MP:   10/10         EV: 12    Int:  9    God:    Trog [****..]
Gold: 204           SH:  5    Dex: 12    Spells: 9/9 levels left

rFire   . . .      SeeInvis .    a - +0 hand axe
rCold   . . .      Faith    .    (no shield)
rNeg    . . .      Spirit   .    r - +0 troll leather armour {Pargi}
rPois   .          Reflect  +    (helmet restricted)
rElec   .          Rampage  .    (no cloak)
rCorr   .                        (no gloves)
Will    .....                    (no boots)
Stlth   +                        k - amulet of reflection
HPRegen 1.11/turn                (no ring)
MPRegen 0.24/turn                (no ring)

@: marked, on berserk cooldown, slowed, lightly drained, very slow
A: antennae 2, foul stench 1, magic regeneration, sturdy frame 1
a: Renounce Religion, Berserk, Trog's Hand, Brothers in Arms


You were on level 8 of the Dungeon.
You worshipped Trog.
Trog was greatly pleased with you.
You visited 2 branches of the dungeon, and saw 9 of its levels.
You also visited: Sewer.

You collected 407 gold pieces.
You spent 203 gold pieces at shops.

Inventory:

Hand Weapons
 a - a +0 hand axe (weapon)
 A - a +6 whip
Missiles
 F - 3 curare-tipped darts (quivered)
Armour
 b - a +0 animal skin
 c - a +0 helmet
 l - a +0 scale mail
 r - a +0 troll leather armour (worn) {Pargi}
Jewellery
 k - an amulet of reflection (around neck)
 s - an amulet of the acrobat
Wands
 I - a wand of flame (18)
Scrolls
 e - 3 scrolls of immolation {unknown}
 f - 2 scrolls of magic mapping
 g - 2 scrolls of fear
 i - a scroll of identify
 j - 2 scrolls of enchant armour
 m - 3 scrolls of teleportation {unknown}
 o - 2 scrolls of silence
 u - 3 scrolls of brand weapon
 y - 2 scrolls of torment {unknown}
 B - 2 scrolls of blinking
 C - a scroll of poison {unknown}
 D - a scroll of amnesia {unknown}
 G - a scroll of fog {unknown}
Potions
 d - 5 potions of mutation {unknown}
 h - a potion of haste
 n - 2 potions of flight {unknown}
 p - a potion of attraction
 q - 9 potions of curing
 t - a potion of berserk rage
 v - 3 potions of cancellation {unknown}
 w - 2 potions of invisibility
 x - 2 potions of magic
 z - 5 potions of heal wounds {unknown}
 E - a potion of brilliance
 H - a potion of resistance {unknown}


   Skills:
 - Level 3.0 Fighting
 + Level 13.5 Axes
 - Level 1.7 Armour
 - Level 1.7 Dodging


You had 9 spell levels left.
You didn't know any spells.
Your spell library contained the following spells:

 Spells                   Type           Power      Damage    Failure   Level
 Kiss of Death            Conj/Necr      0%         2d5       38%         1
 Blink                    Tloc           0%         N/A       54%         2
 Ensorcelled Hibernation  Hex/Ice        0%         N/A       54%         2
 Passwall                 Tmut/Erth      0%         N/A       54%         2
 Sublimation of Blood     Necr           0%         N/A       54%         2
 Confusing Touch          Hex            0%         N/A       77%         3
 Swiftness                Air            0%         N/A       77%         3
 Dispel Undead            Necr           0%         3d6       99%         4
 Manifold Assault         Tloc           0%         N/A       99%         4
 Petrify                  Tmut/Erth      0%         N/A       99%         4
 Irradiate                Conj/Tmut      0%         3d11      100%        5
 Storm Form               Tmut/Air       0%         N/A       100%        7


Dungeon Overview and Level Annotations

Branches:
Dungeon (8/15)             Temple (1/1) D:7           Sewer (visited)
   Lair: D:8-11

Altars:
Ashenzari
Cheibriados
Dithmenos
Fedhas
Gozag
Hepliaklqana
Kikubaaqudgha
Makhleb
Nemelex Xobeh
Qazlal
Ru
Sif Muna
Trog
Uskayaw
Vehumet
Wu Jian
Xom
Yredelemnul

Shops:
D:3 ((**(   D:4 *   D:6 =*


Innate Abilities, Weirdness & Mutations

You have a pair of antennae on your head.
You may rarely emit foul miasma when damaged in melee.
You regenerate magic rapidly.
Your movements are slightly less encumbered by armour. (ER -2)


Message History

You feel sick.
You miss the killer bee.
The killer bee is almost dead.
You feel sick. The killer bee barely misses you.
You take 1 damage, and have 29/105 hp.
You closely miss the killer bee.
The killer bee is almost dead.
The killer bee closely misses you.
You hit the killer bee.
You feel the power of Trog in you as your rage grows.
You kill the killer bee!
Trog accepts your kill.
You can now call in reinforcements.
You feel sick.
You take 1 damage, and have 29/105 hp.
You feel sick.
You see here a killer bee corpse.
You feel a strong urge to attack something.
You feel sick.
A wight comes into view. It is wielding a +3 long sword.
You are no longer berserk.
You are exhausted.
You feel yourself slow down.
You now have 20/70 hp.
A wight comes into view. It is wielding a +0 falchion.
You feel sick.
A wight comes into view. It is wielding a +0 war axe.
You take 1 damage, and have 19/70 hp.
You feel sick.
A wight comes into view. It is wielding a +0 dagger.
The wight hits you with a +3 long sword!
* * * LOW HITPOINT WARNING * * *
You feel drained.
* * * LOW HITPOINT WARNING * * *
You take 15 damage, and have 4/68 hp.
MASSIVE DAMAGE!!
You hit the wight.
The wight is moderately damaged.
You feel sick.
You are no longer poisoned.
The wight hits you with a +3 long sword!
You die...

....## . .##..# .## #.
.##.#.# .....# #z
....### #....# #.#
##.#..## #....# #z#
#.##...####...####.#
....##..##.......z.#
.##..#..........z.#
.##.#...........@.##
....##[............##
##.#[.......####....##
#.##..[..#### ##....#
....##..## ##†..#
.##..#..# #†††#
.##.#...# #.......#
....##[<# .........#
##.#...)# ..###...##


You could see 4 wights.

Vanquished Creatures
  The ghost of Iidacon the Chopper, a novice DsGl of Makhleb (D:7)
  A hornet (D:7)
  2 steam dragons
  Edmund (D:4)
  Duvessa (D:7)
  2 black bears
  Pargi (Sewer)
  3 ice beasts (D:6)
  An orc warrior (D:7)
  A sky beast (D:6)
  3 ogres
  A centaur (D:8)
  4 phantoms
  A bullfrog (D:7)
  2 scorpions
  3 wights (D:8)
  Dowan (D:7)
  11 killer bees (D:8)
  4 howler monkeys (D:7)
  6 hounds
  2 jellies
  An orc priest (D:8)
  An iguana (D:6)
  Natasha (thrice) (D:2)
  3 orc wizards
  Robin (D:2)
  9 adders
  2 shadow imps
  A white imp (D:5)
  An ufetubus (D:4)
  2 worms
  3 dart slugs
  14 orcs
  2 bats (D:1)
  6 endoplasms
  16 goblins
  9 hobgoblins
  4 kobolds
  2 quokkas
  9 ball pythons
  17 frilled lizards
  16 rats
174 creatures vanquished.

Vanquished Creatures (others)
  5 plants (D:3)
5 creatures vanquished.

Grand Total: 179 creatures vanquished

Notes
Turn   | Place    | Note
-------+----------+-------------------------------------------
     0 | D:1      | Dirtsage the Demonspawn Berserker began the quest for the
                  | Orb.
     0 | D:1      | Reached XP level 1. HP: 18/18 MP: 1/1
    63 | D:1      | Reached skill level 3 in Axes
   135 | D:1      | Gained mutation: You have a pair of small antennae on your
                  | head. [demonic ancestry]
   135 | D:1      | Reached XP level 2. HP: 24/24 MP: 2/2
   622 | D:1      | Reached ** piety under Trog
   623 | D:1      | Reached XP level 3. HP: 27/29 MP: 3/3
   845 | D:1      | Reached skill level 4 in Axes
  1192 | D:2      | Noticed Natasha
  1199 | D:2      | Killed Natasha
  1266 | D:2      | Noticed Robin
  1268 | D:2      | Noticed Natasha
  1274 | D:2      | Gained mutation: You regenerate magic rapidly. [demonic
                  | ancestry]
  1274 | D:2      | Reached XP level 4. HP: 35/35 MP: 4/4
  1282 | D:2      | Killed Natasha
  1283 | D:2      | Killed Robin
  1284 | D:2      | Reached skill level 5 in Axes
  1733 | D:2      | Noticed Natasha
  1744 | D:2      | Killed Natasha
  1745 | D:2      | Reached XP level 5. HP: 31/41 MP: 5/5
  2300 | D:3      | Found Govi Dus's Weapon Shoppe.
  2302 | D:3      | Found Xecue's Antique Weapon Boutique.
  2406 | D:3      | Found Nolulank's General Store.
  2411 | D:3      | Bought a potion of curing for 33 gold pieces
  2530 | D:3      | Found Ugogenirib's General Store.
  2538 | D:3      | Bought a scroll of magic mapping for 82 gold pieces
  2538 | D:3      | Bought a potion of invisibility for 88 gold pieces
  2616 | D:3      | Reached *** piety under Trog
  2627 | D:3      | Found a faded altar of an unknown god.
  2653 | D:3      | Found a basalt altar of Yredelemnul.
  2660 | D:3      | Found Fyvoeb's Antique Weapon Boutique.
  2695 | D:3      | Found a shimmering blue altar of Sif Muna.
  2753 | D:3      | Found a radiant altar of Vehumet.
  2772 | D:3      | Found a snail-covered altar of Cheibriados.
  3066 | D:4      | Found Textilec's Assorted Antiques.
  3112 | D:4      | Noticed an ogre
  3122 | D:4      | Killed an ogre
  3123 | D:4      | Reached skill level 6 in Axes
  3123 | D:4      | Gained mutation: You have a pair of antennae on your head.
                  | [demonic ancestry]
  3123 | D:4      | Reached XP level 6. HP: 47/47 MP: 6/6
  3162 | D:4      | Found a glowing drain.
  3206 | Sewer    | Entered a sewer
  3277 | Sewer    | Noticed Pargi
  3287 | Sewer    | Killed Pargi
  3537 | D:4      | Reached skill level 7 in Axes
  3809 | D:4      | Noticed Edmund
  3826 | D:4      | Killed Edmund
  3827 | D:4      | Gained mutation: You may rarely emit foul miasma when
                  | damaged in melee. [demonic ancestry]
  3827 | D:4      | Reached XP level 7. HP: 49/52 MP: 7/7
  3974 | D:4      | Reached skill level 8 in Axes
  4013 | D:5      | Entered Level 5 of the Dungeon
  4193 | D:5      | Reached skill level 9 in Axes
  4193 | D:5      | Reached XP level 8. HP: 48/58 MP: 8/8
  4193 | D:5      | Upgraded the game from 0.30-a0-1094-g860fb061e7 to
                  | 0.30-a0-1112-gfb780f5df6
  4553 | D:6      | Found Ychafung's Lightly-Used Armoury.
  4733 | D:6      | Reached skill level 10 in Axes
  5768 | D:6      | Found Peplom's Jewellery Shoppe.
  5931 | D:7      | Noticed Duvessa
  5931 | D:7      | Noticed Dowan
  5940 | D:7      | Killed Dowan
  5941 | D:7      | Reached skill level 11 in Axes
  5947 | D:7      | Killed Duvessa
  5948 | D:7      | Reached XP level 9. HP: 40/63 MP: 9/9
  6241 | D:7      | Found a large runed translucent door.
  6242 | D:7      | Found a large runed translucent door.
  6243 | D:7      | Noticed Iidacon's ghost (novice DsGl)
  6824 | D:7      | Paralysed by a hornet for 3 turns
  6829 | D:7      | Reached skill level 12 in Axes
  6898 | D:7      | Found a staircase to the Ecumenical Temple.
  6903 | Temple   | Entered the Ecumenical Temple
  7265 | D:7      | Killed Iidacon's ghost
  7402 | D:8      | Reached skill level 13 in Axes
  7971 | D:8      | Gained mutation: Your movements are slightly less
                  | encumbered by armour. (ER -2) [demonic ancestry]
  7971 | D:8      | Reached XP level 10. HP: 70/70 MP: 10/10
  7988 | D:8      | Reached **** piety under Trog
  7994 | D:8      | Slain by a wight

Illustrated notes

Levels and vault maps discovered:
D:1:      minmay_arrival_shattered_statue, layout_basic, minmay_octomino_c4
D:2:      layout_basic, dk_vineyard_2, uniq_natasha, uniq_robin
D:3:      layout_basic, nicolae_overflow_quartered_altars,
          ebering_ecumenical_altar_rust, serial_shops, nicolae_shop_scrapyard,
          shop, nicolae_shop_rolling_square, shop, nicolae_shop_stone,
          minmay_lizard_king
D:4:      layout_cave_pools, serial_shops, shop, portal_sewer_entry_a,
          chequers_serial_rivers_micro_c, hangedman_minor_gate_pass, uniq_edmund
D:5:      layout_basic, good_gods_mini_temple
D:6:      layout_basic, serial_shops, nicolae_lakefront_shop,
          dreamdust_mushroom_princess, minmay_shop_damaged,
          minmay_misc_feat_rows, hangedman_decor_points, hex_medium
D:7:      layout_gridville, temple_doors_ab, ebering_ghost_disaster_area,
          uniq_duvessa
D:8:      layout_layer_cave, nicolae_eternal_life, serial_park_tiny_1
Temple:   zaba_magenta_temple

Skill      XL: |  1  2  3  4  5  6  7  8  9 |
---------------+----------------------------+-----
Axes           | 3 4 5 6 7 9 11 13 | 13.5
Fighting       | |  3.0
Armour         | |  1.7
Dodging        | |  1.7

Action                     |  1- 3 |  4- 6 |  7- 9 | 10-12 || total
---------------------------+-------+-------+-------+-------++-------
  Melee: Hand axe          |    83 |   190 |   362 |    18 ||   653
         Punch             |       |     1 |     4 |       ||     5
 Invoke: Berserk           |     5 |     6 |    17 |       ||    28
    Use: Scroll            |       |     7 |     5 |       ||    12
   Stab: Sleeping          |     2 |       |       |       ||     2
 Armour: Animal skin       |    13 |       |       |       ||    13
         Scale mail        |     9 |    45 |       |       ||    54
         Troll leather arm |       |    10 |    54 |     4 ||    68
  Dodge: Dodged            |    57 |    75 |   113 |    15 ||   260
  Block: Other             |       |    33 |    61 |     5 ||    99

Table legend: (Time is in decaauts)
 A = Elapsed time spent in this place.
 B = Non-inter-level travel time spent in this place.
 C = Inter-level travel time spent in this place.
 D = Time resting spent in this place.
 E = Time spent auto-exploring this place.
 F = Levels seen in this place.
 G = Mean time per level.
                   A        B        C        D        E       F      G
               +--------+--------+--------+--------+--------+-----+--------+
         Total |   8204 |   7916 |    288 |   1887 |   4790 |  10 |  820.4 |
       Dungeon |   7875 |   7605 |    270 |   1853 |   4611 |   8 |  984.4 |
        Temple |     73 |     55 |     18 |      0 |     50 |   1 |   73.0 |
         Sewer |    255 |    255 |      0 |     34 |    129 |   1 |  255.0 |
               +--------+--------+--------+--------+--------+-----+--------+

Top non-repeatable levels by time:
     D:7: 1557 daAuts
     D:6: 1389 daAuts
     D:2: 1263 daAuts
     D:1: 1025 daAuts
     D:4: 831 daAuts
     D:3: 789 daAuts
     D:5: 521 daAuts
     D:8: 497 daAuts
   Sewer: 255 daAuts
  Temple: 73 daAuts
